 Dungeon Crawl Stone Soup version 0.27-a0-328-g7f782ed93a (webtiles) character file.

Game seed: 8675177239801056699

5 CurlyBrace the Caller (level 1, 0/8 HPs)
             Began as a Felid Summoner on Feb 11, 2021.
             Slain by a hobgoblin (3 damage)
             ... on level 1 of the Dungeon.
             The game lasted 00:01:02 (163 turns).

CurlyBrace the Caller (Felid Summoner)               Turns: 163, Time: 00:01:03

Health: 0/8        AC:  1    Str:  4    XL:     1   Next: 66%
Magic:  13/13      EV: 18    Int: 16    God:
Gold:   0          SH:  0    Dex: 16    Spells: 3/4 levels left
                                        Lives:  0   Deaths: 0

rFire    . . .     SeeInvis +   (weapon unavailable)
rCold    . . .     Faith    .   (shield unavailable)
rNeg     . . .     Spirit   .   (armour unavailable)
rPois    .         Reflect  .   (helmet unavailable)
rElec    .         Harm     .   (cloak unavailable)
rCorr    .         Rampage  .   (gloves unavailable)
Will     .....                  (boots unavailable)
Stlth    +++.......             (no amulet)
HPRegen  0.02/turn              a - ring of magical power
MPRegen  0.13/turn              (no ring)

@: quick
A: very small, no armour, no weapons or thrown items, stealth, claws 1, fangs 3,
see invisible, speed 1, shaggy fur 1, sharp paws
a: no special abilities


You were on level 1 of the Dungeon.
You visited 1 branch of the dungeon, and saw 1 of its levels.

Inventory:

Jewellery
 a - a ring of magical power (left paw)
   (You found it on level 1 of the Dungeon)
Potions
 b - a potion of flight {unknown}
 c - a potion of heal wounds {unknown}


   Skills:
 * Level 0.5 Fighting
 + Level 2.8 Dodging
 + Level 2.8 Stealth
 * Level 0.5 Unarmed Combat
 - Level 2.0 Spellcasting
 - Level 4.0 Summonings


You had 3 spell levels left.
You knew the following spells:

 Your Spells              Type           Power        Failure   Level
a - Summon Small Mammal   Summ           56%          4%          1

Your spell library contained the following spells:

 Spells                   Type           Power        Failure   Level
 Call Imp                 Summ           14%          6%          2
 Call Canine Familiar     Summ           14%          12%         3
 Summon Guardian Golem    Hex/Summ       8%           26%         3
 Summon Ice Beast         Ice/Summ       8%           65%         4
 Summon Lightning Spire   Summ/Air       8%           65%         4


Dungeon Overview and Level Annotations

Branches:
Dungeon (1/15)

Altars:


Innate Abilities, Weirdness & Mutations

You cannot wear armour.
You are incapable of wielding weapons or throwing items.
Your paws allow you to move quietly. (Stealth)
You have sharp claws.
You have razor-sharp teeth.
You have supernaturally acute eyesight. (SInv)
You cover ground quickly.
You are covered in fur. (AC +1)
Your sharp claws are effective at attacking unaware monsters.


Message History

Magic restored.
You start resting.
You feel less wooden.
Okay, then.
A rat comes into view.
The rat misses you.
You scratch the rat.
You kill the rat!
A kobold comes into view.
The helpless kobold fails to defend itself.
You claw the kobold!
You kill the kobold!
A bat comes into view.
A ball python comes into view.
The bat misses you.
You scratch the bat.
You kill the bat!
You see here a bat corpse.
A hobgoblin comes into view.
The hobgoblin shouts!
A rat comes into view.
Found a scale mail.
The hobgoblin completely misses you.
You scratch the hobgoblin. You bite the hobgoblin.
The hobgoblin is almost dead.
The hobgoblin hits you.
Found a stone staircase leading down.
You barely miss the hobgoblin.
The hobgoblin is almost dead.
The hobgoblin hits you.
You barely miss the hobgoblin.
The hobgoblin is almost dead.
The hobgoblin misses you.
You scratch the hobgoblin but do no damage.
The hobgoblin is almost dead.
The hobgoblin barely misses you.
You closely miss the hobgoblin.
The hobgoblin is almost dead.
The hobgoblin hits you.
You die...

##.# ##.#.#
##.###.# #†## #..
#..## .##
#######...#...#
#.............#
#.##.###.#........
#..[.@gr.#.......S#
####.##...........#
#. #.##.#....### #.
#.##......# #>
.....##..## .. #.#
## ..# .. #.# ..
..#


You could see a hobgoblin and a rat.

Vanquished Creatures
  A goblin (D:1)
  A kobold (D:1)
  A bat (D:1)
  2 rats (D:1)
5 creatures vanquished.

Vanquished Creatures (collateral kills)
  A kobold (D:1)
1 creature vanquished.

Grand Total: 6 creatures vanquished

Notes
Turn   | Place    | Note
-------+----------+-------------------------------------------
     0 | D:1      | CurlyBrace the Felid Summoner began the quest for the Orb.
     0 | D:1      | Reached XP level 1. HP: 7/7 MP: 4/4
   163 | D:1      | Slain by a hobgoblin

Illustrated notes

Levels and vault maps discovered:
D:1:      tarquinn_simple_flora_water_c, layout_loops_cross

Action                   || total
-------------------------++-------
Melee: Unarmed           ||    13
       Bite              ||     1
 Cast: Summon Small Mamm ||     2
  Use: Potion            ||     1
 Stab: Sleeping          ||     2
Dodge: Dodged            ||     7

Table legend: (Time is in decaauts)
 A = Elapsed time spent in this place.
 B = Non-inter-level travel time spent in this place.
 C = Inter-level travel time spent in this place.
 D = Time resting spent in this place.
 E = Time spent auto-exploring this place.
 F = Levels seen in this place.
 G = Mean time per level.
                   A        B        C        D        E       F      G
               +--------+--------+--------+--------+--------+-----+--------+
         Total |    143 |    143 |      0 |     44 |      0 |   1 |  143.0 |
       Dungeon |    143 |    143 |      0 |     44 |      0 |   1 |  143.0 |
               +--------+--------+--------+--------+--------+-----+--------+

Top non-repeatable levels by time:
     D:1: 143 daAuts
